 Dungeon Crawl Stone Soup version 0.31-a0-965-g8a8ce12e04 (webtiles) character file.

Game seed: 7384739917642038443

196 Pixllover the Ruffian (level 5, -6/41 HPs)
             Began as a Gnoll Shapeshifter on Oct 26, 2023.
             Mangled by a gnoll
             ... wielding a +0 spear
             ... led by a gnoll bouda
              (7 damage)
             ... on level 4 of the Dungeon.
             The game lasted 00:07:07 (2582 turns).

Pixllover the Ruffian (Gnoll Shapeshifter)          Turns: 2582, Time: 00:07:07

Health: -6/41      AC:  2    Str: 15    XL:     5   Next: 74%
Magic:  7/7        EV: 13    Int: 10    God:
Gold:   142        SH:  0    Dex: 11    Spells: 7/7 levels left

rFire   . .          .
                       - Unarmed
rCold   . . .        (no shield)
rNeg    . . .        a - +0 animal skin
rPois   .            (helmet currently unavailable)
rElec   .            (cloak currently unavailable)
rCorr   .            (gloves currently unavailable)
SInv    .            (boots currently unavailable)
Will    .....        (no amulet)
Stlth   ++           (no ring)
HPRegen 0.26/turn    (no ring)
MPRegen 0.10/turn

%: no passive effects
@: beast-form
A: beast (slay +3), fangs 1, strong nose, distributed training
a: Begin Untransformation


You were on level 4 of the Dungeon.
You were a hulking beast.
You visited 1 branch of the dungeon, and saw 4 of its levels.

You collected 202 gold pieces.
You spent 60 gold pieces at shops.

Inventory:

Hand Weapons
 p - a +2 dagger of draining
Missiles
 i - 7 poisoned darts
 k - 6 atropa-tipped darts
Armour
 a - a +0 animal skin (worn)
Talismans
 c - a beast talisman
 d - a flux talisman
Scrolls
 e - a scroll of blinking
 f - a scroll of revelation {unknown}
 j - a scroll of butterflies
 n - 2 scrolls of teleportation {unknown}
 q - 3 scrolls of identify
 r - a scroll of fog {unknown}
 s - 2 scrolls of enchant armour
 t - a scroll of brand weapon {unknown}
 u - 2 scrolls of noise {unknown}
Potions
 b - a potion of lignification
 g - a potion of curing {unknown}
 h - a potion of might {unknown}
 m - 2 potions of invisibility {unknown}
 o - a potion of haste
 v - a potion of berserk rage {unknown}


   Skills:
 + Level 3.1 Fighting
 + Level 1.6 Short Blades
 + Level 1.6 Long Blades
 + Level 1.6 Axes
 + Level 1.6 Maces & Flails
 + Level 1.6 Polearms
 + Level 1.6 Staves
 + Level 1.6 Ranged Weapons
 + Level 1.6 Throwing
 + Level 1.6 Armour
 + Level 4.8 Dodging
 + Level 1.6 Stealth
 + Level 1.6 Shields
 + Level 6.7 Unarmed Combat
 + Level 1.6 Spellcasting
 + Level 1.3 Conjurations
 + Level 1.3 Hexes
 + Level 1.3 Summonings
 + Level 1.3 Necromancy
 + Level 1.3 Translocations
 + Level 1.3 Transmutations
 + Level 1.3 Fire Magic
 + Level 1.3 Ice Magic
 + Level 1.3 Air Magic
 + Level 1.3 Earth Magic
 + Level 1.3 Poison Magic
 + Level 1.9 Invocations
 + Level 1.6 Evocations
 + Level 6.7 Shapeshifting


You had 7 spell levels left.
You didn't know any spells.
Your spell library contained the following spells:

 Spells                   Type           Power      Damage    Failure   Level
 Brom's Barrelling Bould  Conj/Erth      3%         2d3       88%         4
 Fireball                 Conj/Fire      1%         3d3       99%         5
 Iskenderun's Battlesphe  Conj           3%         2d6       99%         5
 Conjure Ball Lightning   Conj/Air       1%         3x3d6     100%        6
 Orb of Destruction       Conj           1%         9d5       100%        7


Dungeon Overview and Level Annotations

Branches:
Dungeon (4/15)
 Temple: D:4-7

Altars:
Fedhas
Trog

Shops:
D:3 !


Innate Abilities, Weirdness & Mutations

You are a hulking beast.
Your limbs bulge with bestial killing power. (Slay +3)
You have very sharp teeth.
Your uncanny sense of smell can sniff out nearby items.
Your experience applies equally to all skills.


Message History

You hit the gnoll bouda but do no damage.
Your bite misses the gnoll bouda.
The gnoll bouda is almost dead.
You feel much better. The gnoll bouda completely misses you.
You completely miss the gnoll bouda.
You bite the gnoll bouda, but do no damage.
The gnoll bouda is almost dead.
The gnoll bouda hits you with a +0 whip!
You punch the gnoll bouda!
You kill the gnoll bouda!
You barely miss the gnoll. Your bite misses the gnoll.
The gnoll is heavily wounded.
The gnoll is no longer moving quickly.
The gnoll hits you with a +0 whip.
You closely miss the gnoll.
The gnoll is heavily wounded.
The gnoll hits you from afar with a +0 spear.
The gnoll closely misses you.
You hit the gnoll.
The gnoll is severely wounded.
The gnoll closely misses you. The gnoll hits you with a +0 whip.
You punch the gnoll!
You kill the gnoll!
The gnoll hits you from afar with a +0 spear.
The gnoll closely misses you.
You hit the gnoll.
The gnoll is heavily wounded.
Your attacks no longer feel as feeble.
The gnoll hits you from afar with a +0 spear.
The gnoll hits you with a +0 whip!
* * * LOW HITPOINT WARNING * * *
You barely miss the gnoll.
The gnoll is heavily wounded.
The gnoll hits you from afar with a +0 spear.
* * * LOW HITPOINT WARNING * * *
You hit the gnoll.
The gnoll is severely wounded.
The gnoll is no longer moving quickly.
The gnoll hits you with a +0 whip.
* * * LOW HITPOINT WARNING * * *
The gnoll hits you from afar with a +0 spear!
You die...

.##.# #.#
....######.#
.#..#....<.#
.#..#..#...#
##..##<#...#####
...............#
######.........#
.....>........g####
#.###.........ggh.#
#.# #..........##.#
#.# #..........##.#
#.# #..........##.#
#.###..##########.#
#.......# #.#
#####...### #.# #
#......# #.#
#....#.#######.#


You could see 3 gnolls.

Vanquished Creatures
  A scorpion (D:4)
  A gnoll bouda (D:4)
  Robin (D:3)
  2 gnolls
  2 worms
  2 dart slugs (D:1)
  2 orcs (D:4)
  5 endoplasms
  3 giant cockroaches
  18 goblins
  6 hobgoblins
  4 quokkas
  6 ball pythons
  3 bats
  2 frilled lizards (D:3)
  4 kobolds
  4 rats
66 creatures vanquished.

Notes
Turn   | Place    | Note
-------+----------+-------------------------------------------
     0 | D:1      | Pixllover the Gnoll Shapeshifter began the quest for the
                  | Orb.
     0 | D:1      | Reached XP level 1. HP: 17/17 MP: 1/1
   187 | D:1      | Reached XP level 2. HP: 20/23 MP: 2/2
   753 | D:2      | Reached XP level 3. HP: 25/28 MP: 3/3
   811 | D:2      | Identified the +1 pair of gloves "Folyk" {rPois rN++ Slay-5
                  | SInv}
  1441 | D:3      | Reached skill level 1 in Invocations
  1518 | D:3      | Noticed Robin
  1553 | D:3      | Reached skill level 1 in Short Blades
  1553 | D:3      | Reached skill level 1 in Long Blades
  1553 | D:3      | Reached skill level 1 in Axes
  1553 | D:3      | Reached skill level 1 in Maces & Flails
  1553 | D:3      | Reached skill level 1 in Polearms
  1553 | D:3      | Reached skill level 1 in Staves
  1553 | D:3      | Reached skill level 1 in Ranged Weapons
  1553 | D:3      | Reached skill level 1 in Throwing
  1553 | D:3      | Reached skill level 1 in Armour
  1553 | D:3      | Reached skill level 1 in Stealth
  1553 | D:3      | Reached skill level 1 in Shields
  1553 | D:3      | Reached skill level 1 in Spellcasting
  1553 | D:3      | Reached skill level 1 in Evocations
  1577 | D:3      | Killed Robin
  1578 | D:3      | Reached XP level 4. HP: 16/34 MP: 5/5
  1834 | D:3      | Found Xatevup's Distillery.
  1845 | D:3      | Bought a potion of degeneration for 10 gold pieces
  1848 | D:3      | Bought a potion of heal wounds for 50 gold pieces
  1917 | D:3      | Found a blossoming altar of Fedhas.
  2032 | D:3      | Reached skill level 1 in Conjurations
  2032 | D:3      | Reached skill level 1 in Hexes
  2032 | D:3      | Reached skill level 1 in Summonings
  2032 | D:3      | Reached skill level 1 in Necromancy
  2032 | D:3      | Reached skill level 1 in Translocations
  2032 | D:3      | Reached skill level 1 in Transmutations
  2032 | D:3      | Reached skill level 1 in Fire Magic
  2032 | D:3      | Reached skill level 1 in Ice Magic
  2032 | D:3      | Reached skill level 1 in Air Magic
  2032 | D:3      | Reached skill level 1 in Earth Magic
  2032 | D:3      | Reached skill level 1 in Poison Magic
  2062 | D:4      | Noticed a scorpion
  2067 | D:4      | Killed a scorpion
  2068 | D:4      | Reached XP level 5. HP: 35/40 MP: 5/7
  2144 | D:4      | Found a bloodstained altar of Trog.
  2581 | D:4      | HP: 1/41 [gnoll/+0 spear[a gnoll bouda] (5)]
  2582 | D:4      | Mangled by a gnoll

Illustrated notes

Levels and vault maps discovered:
D:1:      lightli_arrival_windingriver, layout_basic,
          dreamdust_mushroom_princess
D:2:      layout_basic, serial_corexii_hall, chequers_hall_statues_y,
          chequers_hall_statues_wall_a
D:3:      layout_rooms, fedhas_altar_4, serial_shops, shop_statue, uniq_robin
D:4:      layout_basic, lightli_temple_of_fire, minmay_hedge_maze

Skill      XL: |  1  2  3  4  5 |
---------------+----------------+-----
Invocations    | 1 |  1.9
Short Blades   | 1 |  1.6
Long Blades    | 1 |  1.6
Axes           | 1 |  1.6
Maces & Flails | 1 |  1.6
Polearms       | 1 |  1.6
Staves         | 1 |  1.6
Ranged Weapons | 1 |  1.6
Throwing       | 1 |  1.6
Armour         | 1 |  1.6
Stealth        | 1 |  1.6
Shields        | 1 |  1.6
Spellcasting   | 1 |  1.6
Evocations     | 1 |  1.6
Conjurations   | 1 |  1.3
Hexes          | 1 |  1.3
Summonings     | 1 |  1.3
Necromancy     | 1 |  1.3
Translocations | 1 |  1.3
Transmutations | 1 |  1.3
Fire Magic     | 1 |  1.3
Ice Magic      | 1 |  1.3
Air Magic      | 1 |  1.3
Earth Magic    | 1 |  1.3
Poison Magic   | 1 |  1.3
Fighting       | 3 |  3.1
Dodging        | |  4.8
Unarmed Combat | |  6.7
Shapeshifting  | |  6.7

Action                     |  1- 3 |  4- 6 || total
---------------------------+-------+-------++-------
  Melee: Unarmed           |    73 |    58 ||   131
         Bite              |     5 |     7 ||    12
         Punch             |     2 |     3 ||     5
    Use: Scroll            |     4 |     1 ||     5
         Potion            |     1 |     1 ||     2
   Stab: Sleeping          |     1 |     3 ||     4
 Armour: Animal skin       |    34 |    35 ||    69
         Skin              |    12 |       ||    12
  Dodge: Dodged            |    37 |    33 ||    70

Table legend: (Time is in decaauts)
 A = Elapsed time spent in this place.
 B = Non-inter-level travel time spent in this place.
 C = Inter-level travel time spent in this place.
 D = Time resting spent in this place.
 E = Time spent auto-exploring this place.
 F = Levels seen in this place.
 G = Mean time per level.
                   A        B        C        D        E       F      G
               +--------+--------+--------+--------+--------+-----+--------+
         Total |   2568 |   2530 |     38 |    173 |   1376 |   4 |  642.0 |
       Dungeon |   2568 |   2530 |     38 |    173 |   1376 |   4 |  642.0 |
               +--------+--------+--------+--------+--------+-----+--------+

Top non-repeatable levels by time:
     D:2: 749 daAuts
     D:3: 657 daAuts
     D:1: 642 daAuts
     D:4: 519 daAuts
